[Event "III GM Brena Baja-La Palma 2022"]
[Site "La Palma"]
[Date "2022.04.14"]
[Round "9.2"]
[White "Pulvett Marin, Daniel Eduardo"]
[Black "Herrera Reyes, Jose Antonio"]
[Result "1/2-1/2"]
[WhiteElo "2499"]
[BlackElo "2319"]
[Annotator "TA"]
[PlyCount "31"]
[EventDate "2022.04.01"]
[EventType "tourn"]
[EventCountry "ESP"]
[SourceTitle "playchess.com"]
[Source "ChessBase"]
[SourceQuality "1"]
[TimeControl "5400+30"]

1. d4 Nf6 2. c4 e6 3. Nf3 d5 4. Nc3 Be7 5. Bg5 O-O 6. e3 a6 7. cxd5 exd5 {[%emt 0:00:42] D55: Queen's Gambit Declined: 4 Bg5 Be7: Lines without ...h6 and 6...h6 7 Bxf6.} 8. Bd3 h6 9. Bh4 Bg4 {[%emt 0:02:23] [#] An uneventful encounter.} {Predecessor:} 10. h3 $146 Be6 11. O-O c5 12. dxc5 Bxc5 13. Rc1 Be7 14. Nd4 Nc6 15. Nxc6 bxc6 16. Na4 {1-0 (104) Zazuliak,A (2239)-Goroshkov,M (1970) Omelnyk 2021} 1/2-1/2

[Event "III GM Brena Baja-La Palma 2022"]
[Site "La Palma"]
[Date "2022.04.14"]
[Round "9.3"]
[White "Petkov, Vladimir"]
[Black "Kurajica, Bojan"]
[Result "1/2-1/2"]
[ECO "D58"]
[WhiteElo "2491"]
[BlackElo "2519"]
[Annotator "TA"]
[PlyCount "39"]
[EventDate "2022.04.01"]
[EventType "tourn"]
[EventCountry "ESP"]
[SourceTitle "playchess.com"]
[Source "ChessBase"]
[SourceQuality "1"]
[TimeControl "5400+30"]

1. d4 {[%emt 0:00:04] Adhiban,Baskaran} d5 2. c4 e6 3. Nc3 Nf6 4. cxd5 exd5 5. Bg5 Be7 6. e3 O-O 7. Bd3 Nbd7 8. Nf3 b6 9. O-O Bb7 10. Rc1 h6 11. Bh4 c5 {[%emt 0:00:16] [#]} {Predecessor:} 12. Bf5 $146 {D58: Queen's Gambit Declined: Tartakower Defence.} c4 13. b3 g6 14. Bb1 Rc8 15. bxc4 Rxc4 16. Bd3 Rc8 17. Qb3 a6 18. a4 Bd6 19. Rc2 Re8 20. Rfc1 {1-0 (46) Adhiban,B (2659)-Jumabayev,R (2654) Chess.com INT 2020 CBM 199 Extra [Adhiban,Baskaran]} 1/2-1/2

[Event "III GM Brena Baja-La Palma 2022"]
[Site "La Palma"]
[Date "2022.04.15"]
[Round "10.2"]
[White "Kurajica, Bojan"]
[Black "Pulvett Marin, Daniel Eduardo"]
[Result "1/2-1/2"]
[ECO "D14"]
[WhiteElo "2519"]
[BlackElo "2499"]
[Annotator "TA"]
[PlyCount "24"]
[EventDate "2022.04.01"]
[EventType "tourn"]
[EventCountry "ESP"]
[SourceTitle "playchess.com"]
[Source "ChessBase"]
[SourceQuality "1"]
[TimeControl "5400+30"]

1. d4 d5 2. Nf3 Nf6 3. c4 c6 4. cxd5 cxd5 5. Nc3 Nc6 6. Bf4 Bf5 7. e3 e6 8. Bd3 Bxd3 9. Qxd3 Bd6 10. Bxd6 Qxd6 11. O-O O-O 12. Rac1 {[%emt 0:00:10] [#]} Qd8 $146 {[%emt 0:00:46] A rather calm draw. D14: Slav Defence: Exchange variation with ...Bf5.} ({Predecessor:} 12... Rac8 13. h3 h6 14. g3 g6 15. Kg2 Kg7 16. Rfd1 Rfd8 17. Qb1 Qb8 18. Qd3 Qd6 19. Qb1 Qb8 20. Qd3 Qd6 21. Qb1 {½-½ (21) Iturrizaga Bonelli,E (2605)-Santos Latasa,J (2616) Linares 2021}) 1/2-1/2

[Event "III GM Brena Baja-La Palma 2022"]
[Site "La Palma"]
[Date "2022.04.15"]
[Round "10.3"]
[White "Herrera Reyes, Jose Antonio"]
[Black "Zwirs, Nico"]
[Result "1-0"]
[ECO "B25"]
[WhiteElo "2319"]
[BlackElo "2461"]
[Annotator "TA"]
[PlyCount "119"]
[EventDate "2022.04.01"]
[EventType "tourn"]
[EventCountry "ESP"]
[SourceTitle "playchess.com"]
[Source "ChessBase"]
[SourceQuality "1"]
[TimeControl "5400+30"]

1. e4 c5 2. Nc3 Nc6 3. g3 d6 4. Bg2 Nf6 5. Nge2 g6 6. d3 Bg7 7. h3 Rb8 8. a4 {[%emt 0:02:17] B25: Closed Sicilian: 3 g3, lines without early Be3.} a6 9. Be3 b5 10. axb5 {[%emt 0:01:14] The position is equal.} axb5 11. Qd2 O-O 12. Bh6 b4 13. Nd5 {[%emt 0:02:16] [#]} Bxh6 $146 ({Predecessor:} 13... e6 14. Bxg7 Kxg7 15. Nxf6 Qxf6 16. O-O Qxb2 17. e5 d5 18. d4 Nxd4 19. Nxd4 cxd4 {0-1 (27) Faridi,F (1848)-Golizadeh,A (2464) Teheran 2019}) 14. Qxh6 e6 15. Ne3 Nd4 16. h4 Qe7 (16... e5 $5 17. Qg5 Kg7 18. Nxd4 cxd4 $15) 17. h5 Bb7 18. f4 Ra8 19. Rxa8 Rxa8 20. hxg6 {[%emt 0:04:20] Dancing on a razor blade.} fxg6 21. Kd2 Nxe2 (21... b3 $5 ) 22. Kxe2 Nd7 23. Bh3 Nf8 24. Ng4 c4 25. Qg5 cxd3+ (25... Qg7 $11) 26. cxd3 $14 Qxg5 27. fxg5 Kf7 28. Rf1+ Ke8 29. Nf6+ Ke7 30. Ke3 Ra5 31. Kf4 h5 32. Rc1 {[%emt 0:01:06] Threatens to win with Rc7+.} Kd8 {[%emt 0:00:59] Inhibits Rc7.} 33. Rc4 Bc8 {[%emt 0:00:14] And now ...e5+ would win.} 34. Bg2 e5+ 35. Ke3 Ne6 $2 {[%emt 0:00:32][%mdl 8192] [#] Black is on the road to losing.} (35... b3 $11 {and Black has nothing to worry.}) 36. Rxc8+ $1 $18 Kxc8 {[%emt 0:00:01][%mdl 4096] Endgame KRN-KBN} 37. Bh3 Kd8 38. Bxe6 Ke7 39. Bc4 b3 $2 (39... Ra7 40. Nd5+ Ke8) 40. Nd5+ Kf8 41. Nc3 {[%emt 0:01:31] Prevents Ra2.} Ra8 42. Kd2 Ra7 43. Bxb3 {[%emt 0:01:05] Black must now prevent Bd5.} Rb7 (43... Ra1 $142 44. Bd1 Ke8) 44. Kc2 h4 45. gxh4 Rh7 46. Nb5 Ke7 47. Nc7 Rxh4 48. Bd5 Rg4 49. Ne6 Kd7 50. Nf8+ Kc7 51. Nxg6 Rxg5 52. Ne7 Kb6 53. Bc4 Kc5 54. Kc3 {[%emt 0:00:16] aiming for Nd5.} Rg1 55. b4+ Kb6 56. Nd5+ Kc6 57. b5+ (57. Ba6 $142 Rb1 58. b5+ Kc5 59. b6) 57... Kc5 58. b6 {[%emt 0:00:13][%cal Bb5b6,Bb6b7,Bb7a8][%mdl 32] Intending b7 and mate.} Ra1 59. b7 Ra8 60. bxa8=R {[%emt 0:00:06] Weighted Error Value: White=0.09 (flawless) /Black=0.32} 1-0